[Event "Titled Tuesday Blitz July 11 Early 2023"]
[White "Atakhan, Abtin"]
[Black "Akylbek2021"]
[WhiteFideId "22502203"]
[WhiteElo "2749"]
[BlackElo "2480"]
[Result "0-1"]
[Round "3"]
[TimeControl "180+2"]
[Date "2023.07.11"]
[WhiteClock "0:00:04"]
[BlackClock "0:00:08"]
[Board "82"]

1. Nf3 Nf6 2. g3 g6 3. Bg2 Bg7 4. c4 O-O 5. O-O c5 6. Nc3 Nc6 7. d4 cxd4 8. Nxd4 Qa5 9. Nc2 d6 10. Bd2 Qh5 11. e4 Bg4 12. f3 Be6 13. b3 Rfc8 14. Rc1 Qc5+ 15. Kh1 Ne5 16. f4 Neg4 17. Qe2 Nxh2 18. Be3 Nxf1 19. Qxf1 Qh5+ 20. Kg1 Ng4 21. Qe1 Bxc3 22. Qxc3 Qh2+ 23. Kf1 Qxg3 24. Rd1 Rc5 25. Rd3 Nxe3+ 26. Nxe3 Qxf4+ 27. Kg1 Rg5 28. Nf1 Qxe4 29. Rf3 Bh3 30. Ng3 Qb1+ 31. Rf1 Qxa2 32. Bxh3 h5 33. Kh1 a5 34. Ne4 Re5 35. Nd2 Qa3 36. Ra1 Qc5 37. Bg2 Qf2 38. Rf1 Qh4+ 39. Kg1 a4 40. bxa4 Rxa4 41. Nf3 Qg3 42. Qc2 Rea5 43. Ne1 Ra2 44. Qe4 Rg5 45. Qxb7 h4 46. Kh1 h3 47. Qc8+ Kg7 48. Bxh3 Rh5 49. Rxf7+ Kxf7 50. Qe6+ Kf8 0-1


[Site "https://www.chess.com"]

[Event "Titled Tuesday Blitz July 11 Early 2023"]
[White "Jovic, Stanoje"]
[Black "Mahdavi, Reza"]
[WhiteFideId "905020"]
[BlackFideId "12595926"]
[WhiteElo "2479"]
[BlackElo "2738"]
[Result "0-1"]
[Round "3"]
[TimeControl "180+2"]
[Date "2023.07.11"]
[WhiteClock "0:00:00"]
[BlackClock "0:01:47"]
[Board "83"]

1. c4 e5 2. g3 c6 3. d4 e4 4. Bg2 d5 5. Nc3 Bb4 6. Qb3 Bxc3+ 7. bxc3 Nf6 8. Ba3 dxc4 9. Qxc4 Nbd7 10. f3 Nb6 11. Qb3 Be6 12. Qb1 Nc4 13. Bc1 e3 14. Qd3 Qd7 15. Bxe3 Nxe3 16. Qxe3 O-O 17. Qd3 c5 18. e4 cxd4 19. cxd4 Rac8 20. d5 Nxd5 21. exd5 Bf5 22. Qb3 Rfe8+ 23. Kf1 Rc2 24. f4 Qc7 25. Re1 Rxe1+ 26. Kxe1 Qa5+ 27. Kf1 Qd2 28. Qxc2 Bxc2 29. Ne2 Bd3 30. Bf3 Qe3 31. Bg4 f5 32. Bh5 g6 0-1


[Site "https://www.chess.com"]

[Event "Titled Tuesday Blitz July 11 Early 2023"]
[White "Fernandez Lopez, Ruben"]
[Black "Papasimakopoulos, Alexandros"]
[WhiteFideId "24518298"]
[BlackFideId "4244125"]
[WhiteElo "2476"]
[BlackElo "2731"]
[Result "0-1"]
[Round "3"]
[TimeControl "180+2"]
[Date "2023.07.11"]
[WhiteClock "0:01:23"]
[BlackClock "0:01:06"]
[Board "84"]

1. b3 e5 2. Bb2 d6 3. e3 g6 4. d4 Bg7 5. dxe5 Nd7 6. Nf3 Nxe5 7. Nxe5 Bxe5 8. Bxe5 dxe5 9. Qxd8+ Kxd8 10. Nc3 c6 11. O-O-O+ Ke7 12. Bc4 Nf6 13. a4 a5 14. f3 Be6 15. Bxe6 Kxe6 16. Rd2 Rhd8 17. Rhd1 Rxd2 18. Rxd2 h5 19. h4 Rg8 20. e4 g5 21. hxg5 Rxg5 22. Nd1 Rg8 23. Ne3 Rb8 24. Nf5 Ne8 25. Rd1 b5 26. axb5 cxb5 27. Rh1 Nf6 28. Ng7+ Ke7 29. Nxh5 a4 30. Nxf6 Kxf6 31. bxa4 bxa4 32. Rh6+ Kg5 33. Ra6 Kf4 34. Rxa4 f6 35. Ra6 Rf8 36. Ra7 Rg8 37. Rf7 Rg6 38. Kd1 Ke3 39. Rf8 Rxg2 40. Kc1 Rg6 41. c4 Kxf3 42. c5 Kxe4 43. c6 f5 44. Rc8 f4 45. Kd1 Ke3 46. c7 Rd6+ 47. Ke1 Rc6 48. Kd1 e4 49. Ra8 Rxc7 50. Ra3+ Kf2 51. Ra4 Rd7+ 52. Kc2 Kf3 53. Ra8 e3 54. Rh8 e2 55. Re8 Kf2 0-1


[Site "https://www.chess.com"]

[Event "Titled Tuesday Blitz July 11 Early 2023"]
[White "Gunina, Valentina"]
[Black "Kopczynski, Michal"]
[WhiteFideId "4167570"]
[BlackFideId "1124200"]
[WhiteElo "2730"]
[BlackElo "2474"]
[Result "1-0"]
[Round "3"]
[TimeControl "180+2"]
[Date "2023.07.11"]
[WhiteClock "0:01:03"]
[BlackClock "0:00:14"]
[Board "85"]

1. d4 Nf6 2. c4 g6 3. Nc3 Bg7 4. e4 d6 5. Nf3 O-O 6. Be2 e5 7. Be3 Nc6 8. O-O Ng4 9. Bg5 f6 10. Bc1 f5 11. dxe5 Ngxe5 12. exf5 Bxf5 13. Qd5+ Kh8 14. Bg5 Qd7 15. Nxe5 Nxe5 16. Rae1 Be6 17. Qe4 Rae8 18. Qh4 Qc6 19. b3 Nxc4 20. Ne4 Ne5 21. Nf6 Bxf6 22. Bxf6+ Kg8 23. f4 Nd7 24. Bd4 Bd5 25. Bg4 Qc2 26. Qh3 Nc5 27. f5 Rxe1 28. Rxe1 Nd3 29. fxg6 hxg6 30. Qh8+ Kf7 31. Qf6+ Kg8 32. Qxg6# 1-0


[Site "https://www.chess.com"]

[Event "Titled Tuesday Blitz July 11 Early 2023"]
[White "Baches Garcia, Guillermo"]
[Black "Jarovinsky, Alexey"]
[WhiteFideId "2209764"]
[BlackFideId "14115131"]
[WhiteElo "2473"]
[BlackElo "2725"]
[Result "1-0"]
[Round "3"]
[TimeControl "180+2"]
[Date "2023.07.11"]
[WhiteClock "0:00:18"]
[BlackClock "0:00:01"]
[Board "86"]

1. e4 Nc6 2. Nf3 d6 3. h3 Nf6 4. d3 g6 5. Be2 Bg7 6. O-O O-O 7. Nbd2 Rb8 8. a4 b6 9. c3 e5 10. b4 a5 11. b5 Ne7 12. d4 Nd7 13. Re1 Bb7 14. Bf1 h6 15. Qc2 Kh8 16. Nc4 f6 17. Ba3 Nc8 18. Rad1 Qe8 19. Ne3 Ne7 20. Bc4 Rd8 21. Be6 Bc8 22. Bb3 Kh7 23. Nd5 Nxd5 24. Bxd5 Nb8 25. c4 Be6 26. c5 Rf7 27. Qc4 Bxd5 28. exd5 e4 29. Nd2 Re7 30. Qe2 f5 31. Nc4 Qg8 32. cxd6 cxd6 33. Bxd6 Red7 34. Be5 Rxd5 35. Nxb6 R5d6 36. Bxd6 Rxd6 37. Nc4 Rd5 38. Nxa5 Nd7 39. Nc6 Qe6 40. Qc4 Nb6 41. Qb3 Nc8 42. Nb4 Ne7 43. Nxd5 Nxd5 44. b6 f4 45. b7 e3 46. b8=Q 1-0


[Site "https://www.chess.com"]

[Event "Titled Tuesday Blitz July 11 Early 2023"]
[White "Bryakin, Mikhail"]
[Black "Szczurek, Krzysztof"]
[WhiteFideId "4165314"]
[BlackFideId "1185489"]
[WhiteElo "2717"]
[BlackElo "2472"]
[Result "0-1"]
[Round "3"]
[TimeControl "180+2"]
[Date "2023.07.11"]
[WhiteClock "0:01:38"]
[BlackClock "0:00:04"]
[Board "87"]

1. e4 c5 2. d4 cxd4 3. Qxd4 Nc6 4. Qd3 g6 5. Nc3 Bg7 6. Nf3 d6 7. Be2 Nf6 8. O-O O-O 9. Nd5 Bd7 10. c3 Rc8 11. Bg5 Ng4 12. h3 Nge5 13. Nxe5 dxe5 14. Rad1 Be6 15. Nxe7+ Nxe7 16. Qxd8 Rfxd8 17. Bxe7 Re8 18. Bh4 a6 19. a3 Rc6 20. Bg5 Rb6 21. Rd2 h6 22. Be3 Rc6 23. Rfd1 Rcc8 24. g4 Kh7 25. Rd6 Bf8 26. Rb6 Rc7 27. a4 Be7 28. a5 Bc8 29. f3 Rc5 30. Bxc5 Bxc5+ 31. Kf1 Bxb6 32. axb6 Be6 33. Rd6 Rc8 34. Bd1 Kg7 35. Ba4 Kf8 36. Ke1 Ke7 37. Rd3 Rc4 38. Bb3 Rc6 39. Bxe6 Kxe6 40. b4 Rxb6 41. Rd8 Rc6 42. Rb8 Rxc3 43. Ke2 Rc7 44. Rh8 Kd6 45. Rxh6 Kc6 46. Rh8 Re7 47. Kd3 Kb5 48. Kc3 Rc7+ 49. Kb3 Rd7 50. Kc3 Rc7+ 51. Kb3 Rd7 52. Re8 Rd3+ 53. Kc2 Rxf3 54. Rxe5+ Kxb4 55. h4 a5 56. Re7 b5 57. e5 Rf4 58. h5 gxh5 59. gxh5 Rh4 60. Kd3 Rxh5 61. Ke4 a4 62. Rxf7 a3 63. e6 Rh6 64. Kd5 Rh1 65. Rf4+ Kb3 66. e7 Rh5+ 67. Ke6 Rh1 68. Re4 Rh8 69. Re3+ Ka4 70. Kf7 a2 71. Rh3 Ra8 72. Rh1 b4 73. Rd1 b3 74. Rd8 Ra7 75. Kf6 Rxe7 76. Kxe7 b2 77. Ra8+ Kb3 78. Rb8+ Kc2 79. Rc8+ Kb1 0-1


[Site "https://www.chess.com"]

[Event "Titled Tuesday Blitz July 11 Early 2023"]
[White "Balla, Tamas-Kristof"]
[Black "Weetik, Vjacheslav"]
[WhiteFideId "1208497"]
[BlackFideId "4153472"]
[WhiteElo "2470"]
[BlackElo "2714"]
[Result "0-1"]
[Round "3"]
[TimeControl "180+2"]
[Date "2023.07.11"]
[WhiteClock "0:00:09"]
[BlackClock "0:00:07"]
[Board "88"]

1. e4 c6 2. d4 d5 3. exd5 cxd5 4. c4 Nf6 5. Nc3 e6 6. Nf3 Bb4 7. Bd3 dxc4 8. Bxc4 O-O 9. O-O b6 10. Bg5 Bb7 11. Qe2 Nbd7 12. Rfd1 Bxc3 13. bxc3 Qc7 14. Rac1 a6 15. Bd3 b5 16. Bb1 Rfc8 17. Ne5 h6 18. Bh4 Nf8 19. Bxf6 gxf6 20. Ng4 Qf4 21. Ne3 f5 22. f3 Qg5 23. Re1 Ng6 24. Qf2 Nf4 25. Kh1 Rc7 26. c4 bxc4 27. Rxc4 Rac8 28. Rxc7 Rxc7 29. Nf1 Nd5 30. Ne3 Nxe3 31. Rxe3 Rc1+ 32. Re1 Qf4 33. h3 Rxe1+ 34. Qxe1 Qxd4 35. Bc2 Bd5 36. Bb3 Bxb3 37. axb3 Qd5 38. Qb4 a5 39. Qa4 Kg7 40. Qa2 Qd1+ 41. Kh2 Qd6+ 42. Kh1 Qe5 43. Qa4 Kg6 44. Qa2 h5 45. Qc2 h4 46. Qc4 Qe1+ 47. Kh2 Qe5+ 48. Kh1 Qg3 49. Qa4 Qe1+ 50. Kh2 Kg5 51. Qc4 Qe5+ 52. Kh1 Qf4 53. Qb5 Qc1+ 54. Kh2 Qc7+ 55. Kh1 Kf4 56. Qc4+ Qxc4 57. bxc4 a4 58. c5 Ke5 59. c6 Kd6 60. c7 Kxc7 0-1


[Site "https://www.chess.com"]

[Event "Titled Tuesday Blitz July 11 Early 2023"]
[White "Amilal Munkhdalai"]
[Black "Jimenez Jimenez, Leandro"]
[WhiteFideId "4903250"]
[BlackFideId "6415253"]
[WhiteElo "2698"]
[BlackElo "2469"]
[Result "1-0"]
[Round "3"]
[TimeControl "180+2"]
[Date "2023.07.11"]
[WhiteClock "0:00:09"]
[BlackClock "0:00:00"]
[Board "89"]

1. e4 e5 2. Nf3 Nc6 3. Bb5 a6 4. Ba4 d6 5. c3 Bg4 6. h3 Bd7 7. d4 Nf6 8. O-O Be7 9. Re1 O-O 10. Nbd2 Re8 11. Nf1 Bf8 12. Ng3 g6 13. Bg5 h6 14. Be3 Bg7 15. Bc2 b5 16. Nh2 Na5 17. b3 Qe7 18. Ng4 Nxg4 19. hxg4 Qh4 20. Qd2 Bxg4 21. Nf1 Nc6 22. f3 Bd7 23. Re2 b4 24. d5 bxc3 25. Qxc3 Nd4 26. Rd2 Rec8 27. Bd3 f5 28. Rc1 f4 29. Bxd4 exd4 30. Qa5 Bb5 31. Bxb5 axb5 32. Qxb5 d3 33. Qxd3 g5 34. Rdc2 Ra7 35. a4 Rb7 36. a5 Rxb3 37. Qd2 Ra3 38. Rxc7 Rxc7 39. Rxc7 Ra1 40. Rxg7+ Kf8 41. Qc3 Rxf1+ 42. Kxf1 Qh1+ 43. Kf2 Qh4+ 44. Ke2 Qg3 45. Qf6+ 1-0


[Site "https://www.chess.com"]

[Event "Titled Tuesday Blitz July 11 Early 2023"]
[White "De La Villa Garcia, Jesus Maria"]
[Black "gueraumasague"]
[WhiteFideId "2200040"]
[WhiteElo "2698"]
[BlackElo "2467"]
[Result "1-0"]
[Round "3"]
[TimeControl "180+2"]
[Date "2023.07.11"]
[WhiteClock "0:00:27"]
[BlackClock "0:00:01"]
[Board "90"]

1. e4 g6 2. d4 Bg7 3. Nc3 c6 4. Nf3 d5 5. h4 Bg4 6. Be2 dxe4 7. Nxe4 Bxf3 8. Bxf3 Qxd4 9. Qe2 Nf6 10. Be3 Qxb2 11. O-O Nxe4 12. Bxe4 Qxa1 13. Rxa1 Bxa1 14. Qc4 Nd7 15. c3 Rd8 16. h5 Nf6 17. Bf3 gxh5 18. Bd4 Rg8 19. Qf1 Rxd4 20. cxd4 Bxd4 21. Qb1 Bb6 22. Qf5 Kd8 23. Qe5 Bc7 24. Qd4+ Kc8 25. Qxa7 Rg5 26. Qa8+ Bb8 27. Qa3 Rb5 28. g3 Bd6 29. Qd3 Kc7 30. Qc4 h4 31. Qxh4 Rf5 32. Kg2 Kd7 33. Qc4 Nd5 34. Bg4 e6 35. Bxf5 exf5 36. Qd3 Ke6 37. Qe2+ Kf6 38. Qb2+ Kg6 39. Qxb7 Ne7 40. Qd7 Bc5 41. a4 f4 42. gxf4 h5 43. a5 Nd5 44. Qxc6+ Nf6 45. Qxc5 1-0


[Site "https://www.chess.com"]

[Event "Titled Tuesday Blitz July 11 Early 2023"]
[White "djokovic74"]
[Black "Devaev, Alexander"]
[BlackFideId "4169395"]
[WhiteElo "2697"]
[BlackElo "2465"]
[Result "1-0"]
[Round "3"]
[TimeControl "180+2"]
[Date "2023.07.11"]
[WhiteClock "0:01:44"]
[BlackClock "0:01:26"]
[Board "91"]

1. e4 c6 2. Nf3 d5 3. Nc3 Nf6 4. e5 Ne4 5. Nxe4 dxe4 6. Ng5 Qd5 7. Qe2 Qxe5 8. Nxe4 Bf5 9. d3 Bxe4 10. dxe4 e6 11. g3 Nd7 12. Bg2 Qc7 13. O-O Be7 14. f4 e5 15. Bd2 O-O 16. Bc3 Rad8 17. Kh1 Bf6 18. Rae1 Rfe8 19. b3 exf4 20. Bxf6 f3 21. Bxd8 fxe2 22. Bxc7 exf1=Q+ 23. Rxf1 1-0


[Site "https://www.chess.com"]

[Event "Titled Tuesday Blitz July 11 Early 2023"]
[White "Gatterer, Florian"]
[Black "Diaz Perez, Michel Alejandro"]
[WhiteFideId "811688"]
[BlackFideId "3517179"]
[WhiteElo "2462"]
[BlackElo "2693"]
[Result "0-1"]
[Round "3"]
[TimeControl "180+2"]
[Date "2023.07.11"]
[WhiteClock "0:00:00"]
[BlackClock "0:01:22"]
[Board "92"]

1. d4 Nf6 2. Bf4 d6 3. Nc3 Nbd7 4. Nf3 c5 5. dxc5 Nxc5 6. e3 a6 7. Be2 g6 8. h3 Bg7 9. O-O O-O 10. Re1 b5 11. a3 Bb7 12. Bg5 Rc8 13. Nd4 Nfe4 14. Nxe4 Nxe4 15. Bh4 Qd7 16. Bf3 e5 17. Nb3 f5 18. Nd2 Qf7 19. Nxe4 fxe4 20. Bg4 Rc6 21. c3 d5 22. Qb3 h5 23. Be2 g5 24. Bxg5 Qxf2+ 25. Kh1 Rg6 26. h4 Bf6 27. Qd1 Bxg5 28. hxg5 Rxg5 29. Bf1 Rf3 0-1


[Site "https://www.chess.com"]

[Event "Titled Tuesday Blitz July 11 Early 2023"]
[White "Kukreja Sankalp"]
[Black "Bykhovsky, Anatoly"]
[WhiteFideId "45027676"]
[BlackFideId "2806991"]
[WhiteElo "2461"]
[BlackElo "2691"]
[Result "0-1"]
[Round "3"]
[TimeControl "180+2"]
[Date "2023.07.11"]
[WhiteClock "0:00:02"]
[BlackClock "0:01:32"]
[Board "93"]

1. e4 c5 2. Nf3 e6 3. d4 cxd4 4. Nxd4 a6 5. Bd3 Bc5 6. Nb3 Ba7 7. O-O Nc6 8. c4 Nf6 9. Nc3 O-O 10. Re1 d6 11. Qe2 e5 12. h3 Be6 13. Be3 Bxe3 14. Qxe3 Rc8 15. Nd5 Bxd5 16. exd5 Nb4 17. Rad1 Nxa2 18. Qd2 Qb6 19. Re3 Nb4 20. Rg3 g6 21. Bf1 Ne4 22. Qe3 Qxe3 23. Rxe3 Nc5 24. Nxc5 Rxc5 25. Rb3 a5 26. Ra1 b6 27. Rc3 Rfc8 28. b3 Rxd5 29. Rcc1 Rd2 30. Rd1 Rxd1 31. Rxd1 Rd8 32. g3 Kf8 33. Bg2 Ke7 34. g4 f5 35. Kf1 Nc2 36. Ke2 Nd4+ 37. Ke3 f4+ 38. Ke4 Nxb3 39. Kd5 Nd4 40. Rb1 Rb8 41. Be4 a4 42. Ra1 Ra8 43. c5 Ra5 44. Kc4 Rxc5+ 45. Kb4 b5 46. Bd3 Kd7 0-1


[Site "https://www.chess.com"]

[Event "Titled Tuesday Blitz July 11 Early 2023"]
[White "Lavrik, Dmitry"]
[Black "Mmukka"]
[WhiteFideId "24113190"]
[WhiteElo "2673"]
[BlackElo "2460"]
[Result "1-0"]
[Round "3"]
[TimeControl "180+2"]
[Date "2023.07.11"]
[WhiteClock "0:00:39"]
[BlackClock "0:00:00"]
[Board "94"]

1. Nf3 Nf6 2. g3 g6 3. Bg2 Bg7 4. O-O O-O 5. c4 d6 6. Nc3 e5 7. d3 Nc6 8. Rb1 a5 9. a3 Re8 10. Bg5 h6 11. Bxf6 Bxf6 12. b4 axb4 13. axb4 Bg7 14. b5 Nd4 15. Nd2 Ra3 16. Nd5 Be6 17. e3 Nf5 18. Qc2 h5 19. Ra1 Rxa1 20. Rxa1 c6 21. bxc6 bxc6 22. Nb4 c5 23. Nd5 Ne7 24. Ra6 Bxd5 25. cxd5 f5 26. Nc4 Nc8 27. e4 f4 28. Bh3 fxg3 29. hxg3 Bf8 30. Qa4 Qe7 31. Ra8 h4 32. Rxc8 Rxc8 33. Bxc8 hxg3 34. fxg3 Qg5 35. Kf2 Qf6+ 36. Kg2 Qd8 37. Be6+ Kh8 38. Qd7 Qf6 39. Qf7 Qxf7 40. Bxf7 Kg7 41. Be8 Kf6 42. Kf3 g5 43. Kg4 Be7 44. Kh5 Bf8 45. Ne3 Be7 46. Nf5 Bf8 47. Bb5 1-0


[Site "https://www.chess.com"]

[Event "Titled Tuesday Blitz July 11 Early 2023"]
[White "Parkhov, Yair"]
[Black "Luo, Terry"]
[WhiteFideId "2813408"]
[BlackFideId "30931045"]
[WhiteElo "2666"]
[BlackElo "2453"]
[Result "1-0"]
[Round "3"]
[TimeControl "180+2"]
[Date "2023.07.11"]
[WhiteClock "0:00:20"]
[BlackClock "0:01:33"]
[Board "95"]

1. e4 c5 2. Nf3 d6 3. d4 cxd4 4. Nxd4 Nf6 5. Nc3 Nc6 6. Bg5 e6 7. Qd3 Be7 8. O-O-O a6 9. f4 Bd7 10. Be2 Rc8 11. Nf3 b5 12. e5 Nb4 13. Qd4 Nfd5 14. exd6 Bxg5 15. Nxg5 Nxc3 16. bxc3 Nxa2+ 17. Kb2 Nxc3 18. Qxg7 Rf8 19. Bh5 Na4+ 20. Ka1 Qxg5 21. Qxg5 Rc5 22. Qe7# 1-0


[Site "https://www.chess.com"]

[Event "Titled Tuesday Blitz July 11 Early 2023"]
[White "Oleksiyenko, Mykhaylo"]
[Black "Nunez V, Gustavo Eduardo"]
[WhiteFideId "4152417"]
[BlackFideId "4403690"]
[WhiteElo "2664"]
[BlackElo "2453"]
[Result "1-0"]
[Round "3"]
[TimeControl "180+2"]
[Date "2023.07.11"]
[WhiteClock "0:02:17"]
[BlackClock "0:01:22"]
[Board "96"]

1. e4 c5 2. Nf3 Nc6 3. d4 cxd4 4. Nxd4 e5 5. Nb5 a6 6. Nd6+ Bxd6 7. Qxd6 Qf6 8. Qxf6 Nxf6 9. Nc3 Nb4 10. Bd3 d5 11. exd5 Nbxd5 12. Nxd5 Nxd5 13. Bd2 O-O 14. O-O-O Be6 15. Rhe1 f6 16. f4 Bg4 17. Bc4 Bxd1 18. Bxd5+ Kh8 19. Rxd1 exf4 20. Bxf4 Rad8 21. Bxb7 Rxd1+ 22. Kxd1 g5 23. Bd2 Rb8 24. Bd5 Rxb2 25. Bb3 Rb1+ 26. Bc1 a5 27. c3 a4 28. Kc2 Rxc1+ 29. Kxc1 axb3 30. axb3 Kg7 31. b4 Kf7 32. b5 Ke6 33. c4 Kd6 34. b6 Kc5 35. b7 Kxc4 36. b8=Q Kd4 37. Qd6+ Ke4 38. Qxf6 g4 39. g3 h5 40. Qg5 Kf3 41. Qxh5 Kg2 42. Qxg4 Kxh2 43. Qh4+ Kg2 44. g4 Kf3 45. g5 Kg2 46. Qf4 Kh1 47. g6 Kg2 48. Qe3 Kf1 49. Qd2 Kg1 50. Kc2 Kf1 51. Kc3 Kg1 52. Kc4 Kf1 53. Kd5 Kg1 54. Ke5 Kf1 55. Kf4 Kg1 56. Kg3 Kf1 57. Qd1# 1-0


[Site "https://www.chess.com"]

[Event "Titled Tuesday Blitz July 11 Early 2023"]
[White "Itkis, Boris"]
[Black "Fiorito, Joaquin"]
[WhiteFideId "1209167"]
[BlackFideId "180173"]
[WhiteElo "2447"]
[BlackElo "2633"]
[Result "0-1"]
[Round "3"]
[TimeControl "180+2"]
[Date "2023.07.11"]
[WhiteClock "0:00:00"]
[BlackClock "0:00:22"]
[Board "97"]

1. e4 c5 2. Nf3 d6 3. d4 cxd4 4. Nxd4 Nf6 5. Nc3 a6 6. Be2 e5 7. Nb3 Be7 8. Be3 Be6 9. Nd5 Nbd7 10. Qd3 Bxd5 11. exd5 a5 12. a4 b6 13. O-O O-O 14. Qd1 Nc5 15. Nc1 Nfd7 16. Qd2 f5 17. f4 e4 18. Bb5 Bf6 19. c3 Rc8 20. Rb1 Qe7 21. Ne2 Nb8 22. b4 axb4 23. cxb4 Nd3 24. Bxd3 exd3 25. Qxd3 Rfe8 26. Rb3 Nd7 27. Qxf5 Rc4 28. Ng3 Qf7 29. Bf2 g6 30. Qg4 Kh8 31. Qf3 Bg7 32. f5 Ne5 33. Qe2 Qxd5 34. fxg6 hxg6 35. Rbb1 Rf4 36. Rbd1 Qb3 37. Qb5 Ref8 38. Bxb6 Ng4 39. a5 Be5 40. Qe2 Nxh2 41. Rxf4 Rxf4 42. Ne4 Qxb4 43. a6 Qxb6+ 44. Kxh2 Rxe4+ 0-1


[Site "https://www.chess.com"]

[Event "Titled Tuesday Blitz July 11 Early 2023"]
[White "Zacurdajev, Dmitry"]
[Black "Iskusnyh, Sergei"]
[WhiteFideId "4196309"]
[BlackFideId "4120027"]
[WhiteElo "2446"]
[BlackElo "2621"]
[Result "1-0"]
[Round "3"]
[TimeControl "180+2"]
[Date "2023.07.11"]
[WhiteClock "0:00:02"]
[BlackClock "0:00:00"]
[Board "98"]

1. d4 d5 2. c4 c6 3. Nc3 Nf6 4. Nf3 e6 5. Bg5 Nbd7 6. e3 Be7 7. Qc2 h6 8. Bh4 O-O 9. Rd1 a6 10. c5 b5 11. Bd3 e5 12. dxe5 Ne8 13. Bg3 Nxc5 14. Bh7+ Kh8 15. O-O Bb7 16. e4 Kxh7 17. exd5+ Kg8 18. dxc6 Qb6 19. cxb7 Qxb7 20. Nd5 Rc8 21. Rfe1 Bd8 22. Rc1 Qxd5 23. Red1 Qe6 24. b4 Bb6 25. bxc5 Rxc5 26. Qe4 Rxc1 27. Rxc1 Nd6 28. Qc6 Nf5 29. Qxe6 fxe6 30. Rc6 Rd8 31. h3 Nxg3 32. Rxb6 Rd1+ 33. Kh2 Nf1+ 34. Kg1 Nd2+ 35. Kh2 Nxf3+ 36. gxf3 Kf7 37. Rxa6 Re1 38. f4 Re4 39. Kg3 Rb4 40. f3 Rb1 41. a3 Rb3 42. Rb6 Ke7 43. Kg4 Kf7 44. h4 Rb1 45. Rb7+ Kf8 46. f5 exf5+ 47. Kxf5 Rb3 48. Ke6 Kg8 49. f4 Rf3 50. f5 Rc3 51. f6 gxf6 52. exf6 Re3+ 53. Kf5 Rf3+ 54. Kg6 Rg3+ 55. Kxh6 Kf8 56. Rxb5 Rxa3 57. Rb7 1-0


[Site "https://www.chess.com"]

[Event "Titled Tuesday Blitz July 11 Early 2023"]
[White "Niekras, Dawid"]
[Black "Zheenbekov, Nurgazy"]
[WhiteFideId "1160451"]
[BlackFideId "13800485"]
[WhiteElo "2618"]
[BlackElo "2446"]
[Result "1-0"]
[Round "3"]
[TimeControl "180+2"]
[Date "2023.07.11"]
[WhiteClock "0:00:10"]
[BlackClock "0:00:00"]
[Board "99"]

1. e4 e5 2. Nc3 Nf6 3. g3 Bc5 4. Bg2 O-O 5. d3 h6 6. Nge2 Nc6 7. O-O a6 8. h3 d6 9. Kh2 Nh7 10. f4 f5 11. Nd5 Nf6 12. c3 Ba7 13. Qb3 Kh8 14. exf5 Bxf5 15. Qxb7 Nxd5 16. Qxc6 e4 17. Qxd5 exd3 18. Nd4 Bxd4 19. Qxd4 Rb8 20. b3 c5 21. Qf2 Re8 22. Bf3 Qd7 23. g4 Be4 24. Be3 Qc6 25. Rae1 a5 26. Bxe4 Rxe4 27. Bd2 Rbe8 28. Rxe4 Rxe4 29. Re1 a4 30. Rxe4 Qxe4 31. Qe3 Qd5 32. c4 1-0


[Site "https://www.chess.com"]

[Event "Titled Tuesday Blitz July 11 Early 2023"]
[White "Ezat, Mohamed"]
[Black "Khromkin, Andrey"]
[WhiteFideId "10600906"]
[BlackFideId "4154126"]
[WhiteElo "2614"]
[BlackElo "2442"]
[Result "1-0"]
[Round "3"]
[TimeControl "180+2"]
[Date "2023.07.11"]
[WhiteClock "0:00:22"]
[BlackClock "0:00:00"]
[Board "100"]

1. d4 d5 2. c4 dxc4 3. e3 e5 4. Bxc4 exd4 5. exd4 Bd6 6. Qb3 Qe7+ 7. Be3 Nf6 8. Nc3 Nc6 9. Bb5 O-O 10. Bxc6 bxc6 11. Nge2 Nd5 12. Nxd5 cxd5 13. O-O Ba6 14. Rfe1 Rab8 15. Qc2 Rb6 16. Nc3 Qh4 17. g3 Qh3 18. b3 Bb4 19. a3 Bxc3 20. Qxc3 Bc8 21. f3 Rf6 22. Rf1 Re8 23. Rae1 Ba6 24. Rf2 h5 25. Bd2 Rfe6 26. Re5 Rxe5 27. dxe5 Qf5 28. h4 Rxe5 29. Bf4 Re2 30. Rxe2 Bxe2 31. Kf2 Bd1 32. Qxc7 1-0


[Site "https://www.chess.com"]

[Event "Titled Tuesday Blitz July 11 Early 2023"]
[White "Herman, Daniel"]
[Black "Souleidis, Georgios"]
[WhiteFideId "30935008"]
[BlackFideId "4206827"]
[WhiteElo "2440"]
[BlackElo "2608"]
[Result "1/2-1/2"]
[Round "3"]
[TimeControl "180+2"]
[Date "2023.07.11"]
[WhiteClock "0:00:05"]
[BlackClock "0:00:11"]
[Board "101"]

1. d4 Nf6 2. c4 g6 3. Nc3 Bg7 4. e4 d6 5. Nf3 O-O 6. h3 Na6 7. Be3 e5 8. d5 Nh5 9. g3 f5 10. exf5 gxf5 11. Ng5 Nf6 12. Bg2 Qe8 13. O-O Qg6 14. Ne6 Bxe6 15. dxe6 f4 16. gxf4 exf4 17. Bxf4 Nh5 18. Be3 Rae8 19. Qg4 c6 20. Rad1 Rxe6 21. Be4 Qxg4+ 22. hxg4 Bxc3 23. bxc3 Rxe4 24. gxh5 Re6 25. Rd4 Nc5 26. Rg4+ Kf7 27. Bxc5 dxc5 28. Rd1 Rfe8 29. Rd7+ R8e7 30. Rf4+ Kg7 31. Rg4+ Kh6 32. Rxe7 Rxe7 33. Rf4 Re5 34. Rf7 b5 35. Rxa7 bxc4 36. Rc7 Re6 37. a4 Kxh5 38. a5 Re1+ 39. Kg2 Ra1 40. Rxc6 Rxa5 41. Kg3 h6 42. Kf4 Ra3 43. Rxc5+ Kh4 44. Rxc4 Ra2 45. Kf5+ Kh5 46. f4 Ra8 47. Rc6 Rf8+ 48. Ke4 Rh8 49. f5 Kg5 50. Rg6+ Kh5 51. Kf4 Rc8 52. Rg1 Rc4+ 53. Ke5 Rxc3 54. f6 Re3+ 55. Kf5 Rf3+ 56. Ke6 Kh4 57. f7 h5 58. Ke7 Re3+ 59. Kf6 Rf3+ 60. Kg6 Kh3 61. Kg7 h4 62. Rg6 Rxf7+ 63. Kxf7 Kh2 64. Kf6 h3 65. Kf5 Kh1 66. Kf4 h2 67. Rh6 Kg2 68. Rxh2+ Kxh2 1/2-1/2


[Site "https://www.chess.com"]

[Event "Titled Tuesday Blitz July 11 Early 2023"]
[White "Pinheiro, Iung Alicio de O."]
[Black "Sztokbant, Bernardo Vainzoff"]
[WhiteFideId "2104350"]
[BlackFideId "2115956"]
[WhiteElo "2602"]
[BlackElo "2434"]
[Result "0-1"]
[Round "3"]
[TimeControl "180+2"]
[Date "2023.07.11"]
[WhiteClock "0:00:00"]
[BlackClock "0:00:10"]
[Board "102"]

1. e4 c5 2. Nf3 e6 3. d3 Nc6 4. g3 g6 5. Bg5 Qc7 6. Nbd2 Bg7 7. c3 h6 8. Be3 b6 9. Bg2 Nge7 10. O-O d5 11. d4 cxd4 12. cxd4 Ba6 13. Re1 dxe4 14. Nxe4 O-O 15. Rc1 Qd8 16. Qd2 Kh7 17. Red1 Rc8 18. h4 Nf5 19. h5 Ncxd4 20. hxg6+ fxg6 21. Nxd4 Rxc1 22. Qxc1 Nxd4 23. Rxd4 Bxd4 24. Bxh6 Rf5 25. Bf4 Kg8 26. Qc6 Qc8 27. Qd6 Bc5 28. Qd2 Bb7 29. Bg5 Bxe4 30. Bxe4 Rxf2 31. Qd3 Rd2+ 0-1


[Site "https://www.chess.com"]

[Event "Titled Tuesday Blitz July 11 Early 2023"]
[White "Pein, Jonathan"]
[Black "Ovchinnikov, Vsevolod"]
[WhiteFideId "417092"]
[BlackFideId "24176842"]
[WhiteElo "2433"]
[BlackElo "2602"]
[Result "0-1"]
[Round "3"]
[TimeControl "180+2"]
[Date "2023.07.11"]
[WhiteClock "0:00:00"]
[BlackClock "0:00:03"]
[Board "103"]

1. Nf3 Nf6 2. d4 g6 3. c4 Bg7 4. Nc3 d5 5. cxd5 Nxd5 6. Bd2 O-O 7. e4 Nxc3 8. Bxc3 c5 9. Be2 Bg4 10. d5 Bxc3+ 11. bxc3 e6 12. h3 Bxf3 13. Bxf3 exd5 14. Qxd5 Qxd5 15. exd5 Nd7 16. O-O Ne5 17. Be2 Rad8 18. c4 f5 19. f4 Nf7 20. Rfe1 Rfe8 21. Bd3 Nd6 22. a4 Kf7 23. Re5 Rd7 24. Rae1 Rde7 25. Kf2 Kf6 26. Kf3 Rxe5 27. fxe5+ Rxe5 28. Rb1 g5 29. g3 h6 30. a5 Re7 31. Rf1 Re8 32. Rb1 Ke5 33. Ke3 f4+ 34. gxf4+ gxf4+ 35. Kf3 Kd4 36. Be2 Re3+ 37. Kf2 Rxh3 38. Rd1+ Ke5 39. Rg1 Ne4+ 40. Ke1 Re3 41. Kd1 Nc3+ 42. Kd2 Nxe2 43. Rg6 Nd4 44. d6 Re2+ 45. Kd1 Kf5 46. d7 Kxg6 47. d8=Q f3 48. Qg8+ Kf5 49. Qd5+ Kf4 50. Qxc5 Ke3 51. Qa3+ Ke4 52. c5 f2 0-1


[Site "https://www.chess.com"]